 Dungeon Crawl Stone Soup version 0.30-a0-632-g346586fe48 (webtiles) character file.

Game seed: 6369567574388461322

2972 wormed the Cutter (level 9, -15/109 HPs)
             Began as a Demigod Gladiator on Jan 14, 2023.
             Demolished by an orc warrior
             ... wielding a +0 broad axe
              (19 damage)
             ... in a bailey.
             The game lasted 00:08:00 (5559 turns).

wormed the Cutter (Demigod Gladiator)               Turns: 5559, Time: 00:08:01

Health: -15/109    AC: 24    Str: 15    XL:     9   Next: 28%
Magic:  0/11       EV:  2    Int: 10    God:
Gold:   293        SH:  0    Dex: 27    Spells: 8/8 levels left

rFire   . . .      SeeInvis .    o - +10 short sword of Wezosau {heavy, rPois rC+}
rCold   + . .      Faith    .    (no shield)
rNeg    . . .      Spirit   +    (body armour currently unavailable)
rPois   +          Reflect  .    (helmet currently unavailable)
rElec   .          Harm     .    (cloak currently unavailable)
rCorr   .          Rampage  .    (gloves currently unavailable)
Will    .....      NoTele   +    (boots currently unavailable)
Stlth   ++                       w - amulet of guardian spirit
HPRegen 0.38/turn                t - ring of poison resistance
MPRegen 0.12/turn                (no ring)

@: tree-form, hasted, very quick
A: stationary, stasis, torment immunity, boosted hp, high MP 1, forlorn, divine
attributes
a: no special abilities


You were in a bailey.
You were a tree.
You visited 1 branch of the dungeon, and saw 7 of its levels.
You also visited: Bailey.

You collected 293 gold pieces.

Inventory:

Hand Weapons
 a - a +1 long sword
 o - the +10 short sword of Wezosau (weapon) {heavy, rPois rC+}
   (You found it on level 2 of the Dungeon)

   rC:        It protects you from cold.
   rPois:     It protects you from poison.
Missiles
 d - 3 throwing nets
 k - 6 curare-tipped darts
 n - 16 poisoned darts
 E - 4 atropa-tipped darts
Armour
 b - a +0 leather armour
 c - a +1 helmet (melded)
 s - a +0 pair of gloves (melded)
 y - a +0 cloak (melded)
 D - a +1 leather armour of willpower (melded)
Jewellery
 t - a ring of poison resistance (left branch)
 w - an amulet of guardian spirit (around neck)
Wands
 g - a wand of iceblast (8) (quivered)
Scrolls
 f - 2 scrolls of immolation
 h - 2 scrolls of noise
 p - 3 scrolls of teleportation
 u - 2 scrolls of enchant weapon
 x - 4 scrolls of enchant armour
Potions
 i - 4 potions of curing
 j - 2 potions of degeneration
 l - 2 potions of lignification
 q - a potion of flight {unknown}
 r - a potion of resistance {unknown}
 v - a potion of brilliance {unknown}
 z - a potion of ambrosia {unknown}
 A - 2 potions of attraction {unknown}
 B - a potion of cancellation {unknown}
 C - 2 potions of heal wounds {unknown}


   Skills:
 + Level 4.8 Fighting
 * Level 6.0(6.5) Short Blades
 - Level 3.3(5.1) Long Blades
 + Level 4.8 Throwing
 + Level 4.3 Armour
 + Level 5.3 Dodging
 + Level 4.3 Shields


You had 8 spell levels left.
You didn't know any spells.
Your spell library contained the following spells:

 Spells                   Type           Power      Damage    Failure   Level
 Gell's Gravitas          Tloc           0%         N/A       75%         3
 Kindle Blastsparks       Fire/Tloc/Air  0%         2d10      75%         3
 Lesser Beckoning         Tloc           0%         N/A       75%         3
 Teleport Other           Tloc           0%         N/A       75%         3
 Fulminant Prism          Conj/Hex       0%         3d5       98%         4
 Iskenderun's Mystic Bla  Conj/Tloc      0%         2d3       98%         4
 Lee's Rapid Deconstruct  Erth           0%         3d4*      100%        5


Dungeon Overview and Level Annotations

Branches:
Dungeon (7/15)             Temple (0/1) D:6          Bailey (1/1)


Innate Abilities, Weirdness & Mutations

You are a tree.
Your roots penetrate the ground, keeping you stationary.
You cannot be teleported.
You are immune to unholy pain and torment.
Your maximum health is greatly increased.
Your equipment is partially melded.
You have an increased reservoir of magic. (+10% MP)
You shall have no god before yourself.
Your divine heritage dramatically boosts your attributes as you level up.


Message History

You hit the orc knight but do no damage.
The orc knight is lightly wounded.
The orc warrior hits you but does no damage.
The orc knight hits you but does no damage.
The orc warrior barely misses you.
The orc warrior hits you with a +0 war axe.
You feel yourself speed up.
The orc warrior hits you but does no damage.
The orc knight hits you but does no damage.
The orc warrior hits you with a +0 broad axe.
The orc warrior hits you but does no damage.
You closely miss the orc warrior. You puncture the orc warrior!
The orc warrior is heavily wounded.
The orc warrior hits you with a +0 broad axe.
The orc knight hits you with a +0 war axe!
* * * LOW HITPOINT WARNING * * *
The orc warrior hits you but does no damage.
The orc warrior completely misses you.
You barely miss the orc warrior.
The orc warrior is heavily wounded.
The orc warrior hits you but does no damage.
The orc knight hits you but does no damage.
The orc warrior hits you with a +0 broad axe.
* * * LOW HITPOINT WARNING * * *
The orc warrior hits you but does no damage.
You puncture the orc warrior!
You kill the orc warrior!
You barely miss the orc warrior.
The orc warrior hits you but does no damage.
The orc knight hits you with a +0 war axe!
* * * LOW HITPOINT WARNING * * *
The orc warrior barely misses you.
You feel better.
The orc warrior hits you with a +0 broad axe!
* * * LOW HITPOINT WARNING * * *
The orc knight hits you with a +0 war axe!
* * * LOW HITPOINT WARNING * * *
The orc warrior hits you with a +0 broad axe!!
You die...

........... .........
....... ..)). ...
###'### ##.K...##
#.oo8...# #∩o♣)))∩#
##.....## ####'''####
##~.......~##
#####~~.......~~#####
#....~~.......~~....#
#.###~~.......~~###.#
#....~~.......~~....#
#.###~~.......~~###.#


You could see an orc knight, 2 orc warriors and a kobold brigand.

Vanquished Creatures
  A hornet (D:5)
  Prince Ribbit (D:6)
  Grinder (D:4)
  2 water moccasins (D:6)
  4 orc warriors (Bailey)
  2 ice beasts
  An ogre (D:6)
  A centaur (D:6)
  5 kobold brigands (Bailey)
  2 bullfrogs (D:6)
  2 scorpions
  Blork the orc (D:6)
  3 necrophages
  2 howler monkeys (D:5)
  5 hounds
  A jelly (D:6)
  Crazy Yiuf (D:6)
  Jessica (D:2)
  Ijyb (D:4)
  2 iguanas
  2 orc wizards
  3 gnolls (D:6)
  3 adders
  A white imp (D:6)
  An ufetubus (D:4)
  6 dart slugs
  A worm (D:3)
  11 orcs
  6 bats
  7 endoplasms
  5 giant cockroaches
  10 goblins
  3 hobgoblins
  4 jackals (D:1)
  19 kobolds
  5 quokkas
  4 ball pythons
  2 frilled lizards (D:1)
  6 rats
138 creatures vanquished.

Notes
Turn   | Place    | Note
-------+----------+-------------------------------------------
     0 | D:1      | wormed the Demigod Gladiator began the quest for the Orb.
     0 | D:1      | Reached XP level 1. HP: 17/17 MP: 3/3
   130 | D:1      | Reached XP level 2. HP: 24/24 MP: 4/4
   594 | D:1      | Reached XP level 3. HP: 29/29 MP: 5/5
   777 | D:2      | Noticed Jessica
   784 | D:2      | Killed Jessica
   912 | D:2      | Identified the +10 short sword of Wezosau {heavy, rPois
                  | rC+}
  1384 | D:3      | Reached skill level 1 in Armour
  1384 | D:3      | Reached XP level 4. HP: 36/36 MP: 6/6
  1440 | D:3      | Reached skill level 1 in Shields
  1881 | D:4      | Reached skill level 1 in Short Blades
  1884 | D:4      | Noticed Ijyb
  1892 | D:4      | Killed Ijyb
  1893 | D:4      | Reached XP level 5. HP: 33/42 MP: 7/7
  2183 | D:4      | Noticed Grinder
  2191 | D:4      | Killed Grinder
  2192 | D:4      | Reached skill level 2 in Short Blades
  2192 | D:4      | Reached XP level 6. HP: 15/50 MP: 8/8
  2848 | D:5      | Entered Level 5 of the Dungeon
  2872 | D:5      | Reached skill level 3 in Short Blades
  2902 | D:5      | Reached XP level 7. HP: 53/57 MP: 9/9
  3146 | D:5      | Noticed a hornet
  3154 | D:5      | Killed a hornet
  3769 | D:6      | Reached skill level 4 in Short Blades
  4054 | D:6      | Reached XP level 8. HP: 61/66 MP: 8/10
  4245 | D:6      | Noticed Blork the orc
  4255 | D:6      | Killed Blork the orc
  4299 | D:6      | Found a staircase to the Ecumenical Temple.
  4511 | D:6      | Reached skill level 5 in Short Blades
  4719 | D:6      | Found a runed translucent door.
  4720 | D:6      | Noticed Crazy Yiuf
  4916 | D:6      | Killed Crazy Yiuf
  5052 | D:7      | Found a flagged portal.
  5053 | D:7      | Noticed Prince Ribbit
  5068 | D:6      | Killed Prince Ribbit
  5207 | D:6      | Reached skill level 5 in Dodging
  5279 | Bailey   | Entered a bailey
  5313 | Bailey   | Reached XP level 9. HP: 54/72 MP: 8/11
  5540 | Bailey   | Noticed an orc knight
  5545 | Bailey   | Reached skill level 6 in Short Blades
  5559 | Bailey   | HP: 4/109 [orc knight/+0 war axe (12)]
  5559 | Bailey   | Demolished by an orc warrior

Illustrated notes

Levels and vault maps discovered:
D:1:      mrwooster_arrival_statue_2, layout_loops_cross,
          ebering_ecumenical_altar_petrified
D:2:      layout_rooms, basic_altar, st_stairs_7, uniq_jessica
D:3:      layout_basic, nicolae_overflow_ecumenical_swirl
D:4:      layout_loops_ring, mainiacjoe_overflow_chevrons, uniq_grinder,
          uniq_ijyb
D:5:      layout_basic, gammafunk_temple_overflow_pools, serial_corexii_hall,
          corexii_hall_statues_s, corexii_hall_statues_i
D:6:      layout_loops_corners, minmay_temple_entry_hall, minmay_statues_item,
          dreamdust_gnoll_farm, uniq_crazy_yiuf_cottage, uniq_blork_the_orc
D:7:      layout_gridville, mainiacjoe_overflow_big_doors, enter_bailey_5,
          nicolae_take_the_stairs, nzn_random_ring, uniq_prince_ribbit1
Bailey:   bailey_axe_3, bailey

Skill      XL: |  1  2  3  4  5  6  7  8  9 |
---------------+----------------------------+-----
Throwing       | 2 3 4 |  4.8
Long Blades    | 3 |  3.3
Fighting       | 2 3 4 |  4.8
Dodging        | 3 4 5 |  5.3
Armour         | 1 2 3 4 |  4.3
Shields        | 1 2 3 4 |  4.3
Short Blades   | 1 2 3 4 5 6 |  6.0

Action                   |  1- 3 |  4- 6 |  7- 9 || total
-------------------------+-------+-------+-------++-------
Melee: Long sword        |    93 |       |       ||    93
       Punch             |     1 |       |     3 ||     4
       Short sword       |     7 |    84 |   170 ||   261
Throw: Javelin           |       |       |     1 ||     1
Evoke: Wand              |       |       |     4 ||     4
  Use: Scroll            |     5 |     9 |     2 ||    16
       Potion            |       |       |     3 ||     3
 Stab: Sleeping          |     1 |     3 |     2 ||     6
Armor: Leather armour    |    44 |    30 |    58 ||   132
       Skin              |       |       |    15 ||    15
Dodge: Dodged            |    62 |    57 |   166 ||   285

Table legend: (Time is in decaauts)
 A = Elapsed time spent in this place.
 B = Non-inter-level travel time spent in this place.
 C = Inter-level travel time spent in this place.
 D = Time resting spent in this place.
 E = Time spent auto-exploring this place.
 F = Levels seen in this place.
 G = Mean time per level.
                   A        B        C        D        E       F      G
               +--------+--------+--------+--------+--------+-----+--------+
         Total |   5629 |   5350 |    279 |    137 |   4217 |   8 |  703.6 |
       Dungeon |   5340 |   5061 |    279 |    137 |   4042 |   7 |  762.9 |
        Bailey |    289 |    289 |      0 |      0 |    175 |   1 |  289.0 |
               +--------+--------+--------+--------+--------+-----+--------+

Top non-repeatable levels by time:
     D:6: 1532 daAuts
     D:4: 987 daAuts
     D:5: 881 daAuts
     D:1: 784 daAuts
     D:3: 618 daAuts
     D:2: 501 daAuts
  Bailey: 289 daAuts
     D:7: 36 daAuts
